[ AOE2 MATCH · #478629529 ]
UnrankedCelts vs Saracens
[ REPLAY ANALYSIS · EXTRACTED FROM THE RECORDED GAME ]
Feudal
14:15
Castle
20:57
Imperial
43:32
| APM avg | 16.5 |
| APM peak | 46 |
| eAPM avg | 11.9 |
| Villagers / military | 102 / 121 |
Focus
⚔️ 30.9% · 🌾 69.1%
Scorpion ×47 · Woad Raider ×27 · Unknown (2626) ×19 · Galley ×18 · Trebuchet (Packed) ×13 · Fire Galley ×12
Feudal
14:10
Castle
21:00
Imperial
35:57
| APM avg | 37.7 |
| APM peak | 83 |
| eAPM avg | 23.3 |
| Villagers / military | 146 / 469 |
Focus
⚔️ 34.0% · 🌾 66.0%
Scout Cavalry ×246 · Mameluke ×120 · Archer ×57 · Fishing Ship ×39 · Hand Cannoneer ×23 · Galley ×15
Feudal
15:06
Castle
19:43
Imperial
39:05
| APM avg | 43.2 |
| APM peak | 102 |
| eAPM avg | 28.1 |
| Villagers / military | 175 / 557 |
Focus
⚔️ 53.8% · 🌾 46.2%
Spearman ×182 · Hand Cannoneer ×90 · Skirmisher ×81 · Scout Cavalry ×71 · Militia ×47 · Unknown (2626) ×30
Feudal
14:31
Castle
20:33
Imperial
32:52
| APM avg | 27.6 |
| APM peak | 59 |
| eAPM avg | 21.2 |
| Villagers / military | 295 / 658 |
Focus
⚔️ 38.8% · 🌾 61.2%
Scout Cavalry ×251 · Camel Scout ×183 · Skirmisher ×72 · Cavalry Archer ×42 · Hand Cannoneer ×38 · Galley ×21
Feudal
14:11
Castle
25:19
Imperial
48:43
| APM avg | 47.3 |
| APM peak | 112 |
| eAPM avg | 27.8 |
| Villagers / military | 151 / 403 |
Focus
⚔️ 40.2% · 🌾 59.8%
Samurai ×184 · Spearman ×166 · Battering Ram ×53 · Fishing Ship ×20 · Unknown (2626) ×8
Feudal
13:52
Castle
19:47
Imperial
40:19
| APM avg | 27.2 |
| APM peak | 56 |
| eAPM avg | 15.9 |
| Villagers / military | 160 / 121 |
Focus
⚔️ 24.7% · 🌾 75.3%
Spearman ×74 · Scorpion ×31 · Petard ×12 · Fishing Ship ×10 · Mangonel ×3 · Battering Ram ×1
Match map
Initial resources + every placement click. Lines = walls · curves = elevation contours. ◆ gold · ⬟ stone · ● berries · ✦ relic · ◌ wall gap
Your base· Open — 14t gap
Maji's base· Open — 8t gap
Eric's base· Open — 9t gap
Navarr's base· Open — 6t gap
rNy-'s base· Open — 13t gap
WaffNub's base· Open — unwalled flank
Smoothed initial terrain · ◌ = detected wall gap · hover for details
Inputs per minute
— Zaibach - - Maji
Build order — Zaibach
First 150 of 370 actions detected
| 0:43 | Build | Dock |
| 0:47 | Build | House |
| 1:17 | Build | Town Center |
| 1:28 | Build | Palisade Wall |
| 1:30 | Build | Palisade Wall |
| 3:16 | Queue | Villager (Male) |
| 3:16 | Queue | Villager (Male) |
| 3:16 | Queue | Villager (Male) |
| 3:17 | Queue | Villager (Male) |
| 4:03 | Queue | Villager (Male) |
| 4:35 | Queue | Fishing Ship |
| 4:48 | Research | Loom |
| 5:48 | Queue | Villager (Male) |
| 5:56 | Build | House |
| 6:11 | Queue | Fishing Ship |
| 6:16 | Queue | Villager (Male) |
| 6:41 | Build | House |
| 6:52 | Queue | Villager (Male) |
| 6:53 | Queue | Villager (Male) |
| 7:12 | Queue | Villager (Male) |
| 7:37 | Queue | Fishing Ship |
| 7:45 | Queue | Villager (Male) |
| 8:26 | Queue | Villager (Male) |
| 8:27 | Queue | Villager (Male) |
| 8:28 | Queue | Fishing Ship |
| 8:30 | Build | House |
| 9:18 | Queue | Villager (Male) |
| 9:30 | Queue | Fishing Ship |
| 9:32 | Queue | Villager (Male) |
| 9:51 | Queue | Villager (Male) |
| 9:57 | Build | Lumber Camp |
| 10:13 | Build | House |
| 10:33 | Queue | Villager (Male) |
| 11:10 | Queue | Villager (Male) |
| 11:11 | Queue | Villager (Male) |
| 11:16 | Queue | Fishing Ship |
| 11:25 | Build | Mill |
| 11:38 | Queue | Fishing Ship |
| 12:00 | Build | Mining Camp |
| 12:05 | Research | Feudal Age |
| 12:44 | Build | House |
| 12:52 | Build | Dock |
| 14:04 | Queue | Villager (Male) |
| 14:04 | Queue | Villager (Male) |
| 14:15 | Age | Feudal Age |
| 14:20 | Build | Blacksmith |
| 14:27 | Research | Double-Bit Axe |
| 14:33 | Queue | Unit 2626 |
| 14:33 | Queue | Unit 2626 |
| 14:43 | Research | Gold Mining |
| 14:59 | Queue | Villager (Male) |
| 15:09 | Build | House |
| 15:18 | Queue | Unit 2626 |
| 15:21 | Queue | Villager (Male) |
| 16:12 | Queue | Villager (Male) |
| 16:36 | Queue | Unit 2626 |
| 16:36 | Queue | Unit 2626 |
| 17:06 | Queue | Fire Galley |
| 17:06 | Queue | Fire Galley |
| 17:08 | Queue | Villager (Male) |
| 17:08 | Queue | Villager (Male) |
| 17:21 | Build | Market |
| 17:24 | Build | House |
| 17:57 | Queue | Galley |
| 17:57 | Queue | Galley |
| 18:00 | Queue | Villager (Male) |
| 18:16 | Research | Castle Age |
| 19:08 | Queue | Galley |
| 19:08 | Queue | Galley |
| 19:22 | Research | Wheelbarrow |
| 19:59 | Queue | Galley |
| 19:59 | Queue | Galley |
| 20:06 | Research | Fletching |
| 20:07 | Research | Forging |
| 20:25 | Build | Dock |
| 20:30 | Build | House |
| 20:43 | Queue | Unit 2626 |
| 20:43 | Queue | Unit 2626 |
| 20:57 | Age | Castle Age |
| 21:43 | Queue | Fire Galley |
| 21:44 | Queue | Fire Galley |
| 21:45 | Research | War Galley (upgrade) |
| 21:48 | Build | House |
| 21:48 | Queue | Villager (Male) |
| 21:48 | Queue | Villager (Male) |
| 22:11 | Research | Bow Saw |
| 22:19 | Queue | Unit 2626 |
| 22:20 | Queue | Unit 2626 |
| 22:21 | Queue | Fire Galley |
| 22:28 | Build | House |
| 22:46 | Queue | Galley |
| 22:46 | Queue | Galley |
| 22:48 | Queue | Villager (Male) |
| 22:49 | Queue | Villager (Male) |
| 23:13 | Queue | Galley |
| 23:14 | Queue | Fire Galley |
| 23:18 | Queue | Unit 2626 |
| 23:28 | Queue | Villager (Male) |
| 23:36 | Queue | Villager (Male) |
| 23:43 | Build | University |
| 24:10 | Queue | Galley |
| 24:28 | Queue | Galley |
| 24:29 | Queue | Fire Galley |
| 24:31 | Queue | Demolition Raft |
| 24:55 | Queue | Galley |
| 24:56 | Queue | Galley |
| 25:08 | Queue | Villager (Male) |
| 25:09 | Queue | Villager (Male) |
| 25:19 | Queue | Unit 2626 |
| 25:19 | Queue | Unit 2626 |
| 25:22 | Research | Iron Casting |
| 25:23 | Research | Bodkin Arrow |
| 25:48 | Queue | Villager (Male) |
| 25:48 | Queue | Villager (Male) |
| 26:02 | Queue | Unit 2626 |
| 26:02 | Queue | Unit 2626 |
| 26:02 | Queue | Unit 2626 |
| 26:06 | Build | Lumber Camp |
| 26:51 | Queue | Galley |
| 26:51 | Queue | Galley |
| 26:51 | Queue | Galley |
| 26:52 | Queue | Galley |
| 26:53 | Queue | Unit 2626 |
| 26:53 | Queue | Unit 2626 |
| 26:54 | Queue | Unit 2626 |
| 26:55 | Queue | Villager (Male) |
| 26:55 | Queue | Villager (Male) |
| 27:38 | Queue | Galley |
| 27:39 | Queue | Fire Galley |
| 27:40 | Queue | Unit 2626 |
| 27:52 | Research | Careening |
| 27:57 | Queue | Villager (Male) |
| 27:57 | Queue | Villager (Male) |
| 28:09 | Queue | Villager (Male) |
| 28:09 | Queue | Villager (Male) |
| 28:19 | Queue | Fire Galley |
| 28:19 | Queue | Fire Galley |
| 28:39 | Queue | Fire Galley |
| 28:39 | Queue | Fire Galley |
| 28:49 | Build | Lumber Camp |
| 29:32 | Build | Farm |
| 29:33 | Build | Farm |
| 29:35 | Build | Farm |
| 29:36 | Build | Farm |
| 29:39 | Build | Farm |
| 29:40 | Build | Farm |
| 29:44 | Build | Mining Camp |
| 30:50 | Build | Mining Camp |
| 30:54 | Build | Farm |
| 30:55 | Build | Farm |
Build order — Maji
First 150 of 632 actions detected
| 0:25 | Build | Town Center |
| 1:08 | Build | Dock |
| 1:14 | Build | House |
| 2:48 | Queue | Villager (Male) |
| 2:48 | Queue | Villager (Male) |
| 2:48 | Queue | Villager (Male) |
| 2:49 | Queue | Villager (Male) |
| 2:49 | Queue | Villager (Male) |
| 2:49 | Queue | Villager (Male) |
| 3:58 | Queue | Villager (Male) |
| 4:38 | Queue | Villager (Male) |
| 4:57 | Queue | Villager (Male) |
| 4:57 | Queue | Villager (Male) |
| 5:11 | Build | House |
| 5:15 | Queue | Villager (Male) |
| 5:15 | Queue | Villager (Male) |
| 5:35 | Research | Loom |
| 5:36 | Queue | Villager (Male) |
| 5:36 | Queue | Villager (Male) |
| 5:47 | Queue | Villager (Male) |
| 6:09 | Queue | Villager (Male) |
| 6:09 | Queue | Villager (Male) |
| 6:38 | Build | House |
| 6:43 | Queue | Villager (Male) |
| 6:44 | Queue | Villager (Male) |
| 7:09 | Queue | Villager (Male) |
| 7:09 | Queue | Villager (Male) |
| 7:13 | Build | House |
| 7:18 | Queue | Villager (Male) |
| 7:37 | Queue | Fishing Ship |
| 7:46 | Build | Palisade Wall |
| 7:55 | Queue | Villager (Male) |
| 8:24 | Queue | Fishing Ship |
| 8:43 | Build | House |
| 8:49 | Queue | Villager (Male) |
| 8:49 | Queue | Villager (Male) |
| 9:21 | Queue | Fishing Ship |
| 9:38 | Queue | Villager (Male) |
| 10:29 | Queue | Villager (Male) |
| 10:34 | Build | Mining Camp |
| 10:37 | Queue | Fishing Ship |
| 10:43 | Queue | Villager (Male) |
| 11:18 | Queue | Villager (Male) |
| 11:21 | Queue | Fishing Ship |
| 12:00 | Research | Feudal Age |
| 12:35 | Build | Mill |
| 12:50 | Queue | Fishing Ship |
| 12:56 | Build | Dock |
| 13:07 | Build | House |
| 13:09 | Build | House |
| 13:42 | Build | House |
| 13:48 | Queue | Villager (Male) |
| 13:48 | Queue | Villager (Male) |
| 14:04 | Build | House |
| 14:08 | Build | Palisade Wall |
| 14:10 | Age | Feudal Age |
| 14:14 | Queue | Villager (Male) |
| 14:24 | Build | Market |
| 14:28 | Queue | Villager (Male) |
| 14:32 | Queue | Galley |
| 14:32 | Queue | Galley |
| 14:53 | Build | Palisade Gate |
| 15:13 | Build | Lumber Camp |
| 15:18 | Queue | Villager (Male) |
| 15:28 | Queue | Galley |
| 15:39 | Build | House |
| 15:42 | Build | House |
| 16:02 | Queue | Unit 2626 |
| 16:15 | Queue | Villager (Male) |
| 16:37 | Queue | Villager (Male) |
| 16:47 | Build | Palisade Gate |
| 16:49 | Queue | Villager (Male) |
| 16:54 | Build | Blacksmith |
| 17:17 | Queue | Galley |
| 17:17 | Queue | Galley |
| 17:27 | Build | Farm |
| 17:29 | Queue | Villager (Male) |
| 17:34 | Queue | Villager (Male) |
| 17:41 | Build | Mining Camp |
| 18:05 | Research | Castle Age |
| 18:09 | Research | Fletching |
| 18:56 | Research | Double-Bit Axe |
| 19:02 | Queue | Galley |
| 19:02 | Queue | Galley |
| 19:02 | Queue | Galley |
| 19:12 | Queue | Galley |
| 19:25 | Build | Farm |
| 19:28 | Build | Farm |
| 19:58 | Queue | Galley |
| 19:58 | Queue | Galley |
| 20:20 | Queue | Galley |
| 20:20 | Queue | Galley |
| 21:00 | Age | Castle Age |
| 21:08 | Research | War Galley (upgrade) |
| 21:10 | Research | Bodkin Arrow |
| 21:11 | Queue | Villager (Male) |
| 21:11 | Queue | Villager (Male) |
| 21:50 | Queue | Villager (Male) |
| 22:07 | Build | Castle |
| 22:22 | Build | House |
| 22:23 | Build | House |
| 22:32 | Research | Padded Archer Armor |
| 22:34 | Queue | Villager (Male) |
| 22:34 | Queue | Villager (Male) |
| 22:48 | Build | Town Center |
| 22:54 | Queue | Fishing Ship |
| 22:54 | Queue | Fishing Ship |
| 23:34 | Queue | Villager (Male) |
| 23:48 | Queue | Mameluke ×2 |
| 23:48 | Queue | Mameluke ×2 |
| 23:48 | Queue | Mameluke |
| 23:51 | Queue | Villager (Male) |
| 23:51 | Queue | Villager (Male) |
| 23:55 | Research | Forging |
| 24:00 | Build | Barracks |
| 24:17 | Queue | Mameluke |
| 24:17 | Queue | Mameluke |
| 24:19 | Queue | Fishing Ship |
| 24:20 | Queue | Fishing Ship |
| 24:20 | Queue | Fishing Ship |
| 24:20 | Queue | Fishing Ship |
| 24:20 | Queue | Fishing Ship |
| 24:44 | Queue | Villager (Male) |
| 24:44 | Queue | Villager (Male) |
| 24:47 | Build | Farm |
| 24:47 | Build | Farm |
| 24:47 | Build | Farm |
| 24:47 | Build | Farm |
| 24:48 | Build | Farm |
| 24:48 | Build | Farm |
| 24:58 | Queue | Villager (Male) |
| 25:00 | Queue | Mameluke |
| 25:00 | Queue | Mameluke |
| 25:00 | Queue | Mameluke |
| 25:02 | Queue | Villager (Male) |
| 25:03 | Queue | Villager (Male) |
| 25:03 | Queue | Villager (Male) |
| 25:17 | Build | Farm |
| 25:35 | Queue | Fishing Ship |
| 25:35 | Queue | Fishing Ship |
| 25:55 | Research | Tech 906 |
| 25:55 | Research | Tech 906 |
| 25:59 | Queue | Villager (Male) |
| 26:02 | Queue | Mameluke |
| 26:02 | Queue | Mameluke |
| 26:04 | Queue | Villager (Male) |
| 26:16 | Build | Farm |
| 26:16 | Build | Farm |
| 26:16 | Build | Farm |
| 26:16 | Build | Farm |
Build order — Eric
First 150 of 1144 actions detected
| 0:15 | Build | House |
| 0:28 | Build | Town Center |
| 2:03 | Build | Dock |
| 2:48 | Queue | Villager (Male) |
| 2:48 | Queue | Villager (Male) |
| 2:55 | Queue | Villager (Male) |
| 2:55 | Queue | Villager (Male) |
| 4:04 | Queue | Fishing Ship |
| 4:04 | Queue | Fishing Ship |
| 4:25 | Research | Loom |
| 4:25 | Research | Loom |
| 4:49 | Queue | Villager (Male) |
| 4:53 | Build | House |
| 5:14 | Queue | Villager (Male) |
| 5:19 | Build | House |
| 5:44 | Queue | Villager (Male) |
| 5:44 | Queue | Villager (Male) |
| 5:59 | Queue | Fishing Ship |
| 6:00 | Queue | Fishing Ship |
| 6:15 | Queue | Villager (Male) |
| 6:15 | Queue | Villager (Male) |
| 6:42 | Queue | Villager (Male) |
| 6:43 | Queue | Villager (Male) |
| 6:43 | Queue | Villager (Male) |
| 7:05 | Queue | Fishing Ship |
| 7:05 | Queue | Fishing Ship |
| 7:35 | Queue | Villager (Male) |
| 7:36 | Queue | Villager (Male) |
| 7:44 | Queue | Fishing Ship |
| 7:55 | Queue | Villager (Male) |
| 7:55 | Queue | Villager (Male) |
| 7:56 | Queue | Villager (Male) |
| 7:56 | Queue | Villager (Male) |
| 8:20 | Queue | Villager (Male) |
| 8:24 | Build | House |
| 8:34 | Queue | Fishing Ship |
| 8:46 | Build | House |
| 9:07 | Queue | Villager (Male) |
| 9:09 | Queue | Villager (Male) |
| 9:25 | Queue | Fishing Ship |
| 9:49 | Queue | Villager (Male) |
| 9:51 | Queue | Fishing Ship |
| 9:51 | Queue | Fishing Ship |
| 9:53 | Build | House |
| 10:03 | Queue | Villager (Male) |
| 10:24 | Queue | Villager (Male) |
| 10:24 | Queue | Villager (Male) |
| 10:28 | Build | House |
| 10:51 | Build | Dock |
| 11:06 | Build | Mule Cart |
| 11:48 | Queue | Villager (Male) |
| 12:00 | Build | Mule Cart |
| 12:09 | Queue | Fishing Ship |
| 12:09 | Queue | Fishing Ship |
| 12:56 | Research | Feudal Age |
| 13:09 | Build | Mill |
| 13:37 | Queue | Villager (Male) |
| 13:38 | Queue | Villager (Male) |
| 13:49 | Queue | Fishing Ship |
| 13:49 | Queue | Fishing Ship |
| 14:02 | Build | Mule Cart |
| 15:06 | Age | Feudal Age |
| 15:12 | Build | Market |
| 15:24 | Build | Blacksmith |
| 15:30 | Build | Stone Wall |
| 15:33 | Build | Gate |
| 15:39 | Queue | Villager (Male) |
| 15:44 | Queue | Villager (Male) |
| 15:54 | Build | House |
| 16:18 | Build | Dock |
| 17:03 | Research | Castle Age |
| 17:17 | Research | Double-Bit Axe |
| 17:38 | Queue | Galley |
| 17:39 | Queue | Galley |
| 17:39 | Queue | Galley |
| 17:39 | Queue | Galley |
| 17:52 | Queue | Galley |
| 17:52 | Queue | Galley |
| 17:52 | Queue | Galley |
| 17:54 | Queue | Villager (Male) |
| 18:23 | Research | Fletching |
| 19:22 | Queue | Unit 2626 |
| 19:22 | Queue | Unit 2626 |
| 19:22 | Queue | Unit 2626 |
| 19:22 | Queue | Unit 2626 |
| 19:23 | Queue | Unit 2626 |
| 19:23 | Queue | Unit 2626 |
| 19:43 | Age | Castle Age |
| 19:47 | Queue | Villager (Male) |
| 19:47 | Queue | Villager (Male) |
| 20:08 | Build | House |
| 20:15 | Research | Town Watch |
| 20:21 | Research | Bow Saw |
| 20:25 | Queue | Villager (Male) |
| 20:30 | Build | House |
| 20:32 | Build | House |
| 20:37 | Build | Monastery |
| 20:53 | Research | War Galley (upgrade) |
| 21:09 | Queue | Villager (Male) |
| 21:10 | Queue | Villager (Male) |
| 21:19 | Build | House |
| 21:38 | Research | Gold Mining |
| 21:46 | Queue | Fire Galley |
| 21:47 | Queue | Fire Galley |
| 21:55 | Build | House |
| 22:04 | Queue | Fire Galley |
| 22:10 | Queue | Villager (Male) |
| 22:10 | Queue | Villager (Male) |
| 22:17 | Queue | Villager (Male) |
| 22:30 | Queue | Fire Galley |
| 22:30 | Queue | Fire Galley |
| 22:31 | Queue | Fire Galley |
| 22:40 | Queue | Galley |
| 22:40 | Queue | Galley |
| 22:58 | Queue | Fire Galley |
| 22:58 | Queue | Fire Galley |
| 22:59 | Queue | Fire Galley |
| 23:14 | Queue | Unit 2626 |
| 23:14 | Queue | Unit 2626 |
| 23:37 | Queue | Unit 2626 |
| 23:37 | Queue | Unit 2626 |
| 23:40 | Queue | Villager (Male) |
| 23:41 | Queue | Villager (Male) |
| 23:41 | Queue | Villager (Male) |
| 23:50 | Research | Tech 906 |
| 24:02 | Queue | Unit 2626 |
| 24:36 | Queue | Unit 2626 |
| 24:36 | Queue | Unit 2626 |
| 24:37 | Queue | Unit 2626 |
| 24:55 | Queue | Villager (Male) |
| 24:55 | Queue | Villager (Male) |
| 24:58 | Build | House |
| 25:21 | Queue | Fire Galley |
| 25:22 | Queue | Fire Galley |
| 25:22 | Queue | Fire Galley |
| 25:22 | Queue | Fire Galley |
| 25:22 | Queue | Fire Galley |
| 25:27 | Queue | Villager (Male) |
| 25:53 | Build | Watch Tower |
| 25:54 | Queue | Villager (Male) |
| 25:54 | Queue | Villager (Male) |
| 26:03 | Build | University |
| 26:13 | Build | Castle |
| 26:13 | Queue | Villager (Male) |
| 26:13 | Queue | Villager (Male) |
| 26:14 | Queue | Villager (Male) |
| 26:14 | Queue | Villager (Male) |
| 26:24 | Queue | Villager (Male) |
| 26:25 | Queue | Villager (Male) |
| 26:25 | Queue | Villager (Male) |
Build order — Navarr
First 150 of 762 actions detected
| 0:03 | Build | Town Center |
| 1:19 | Build | Dock |
| 1:31 | Build | House |
| 2:30 | Queue | Villager (Male) |
| 2:30 | Queue | Villager (Male) |
| 2:33 | Queue | Villager (Male) |
| 2:37 | Queue | Villager (Male) |
| 3:45 | Queue | Villager (Male) |
| 4:09 | Queue | Fishing Ship |
| 4:33 | Queue | Fishing Ship |
| 4:43 | Build | House |
| 5:00 | Queue | Villager (Male) |
| 5:01 | Queue | Villager (Male) |
| 5:02 | Research | Loom |
| 5:04 | Queue | Villager (Male) |
| 5:05 | Queue | Villager (Male) |
| 5:14 | Build | House |
| 5:52 | Queue | Fishing Ship |
| 5:52 | Queue | Fishing Ship |
| 5:59 | Queue | Villager (Male) |
| 6:21 | Queue | Villager (Male) |
| 6:22 | Queue | Villager (Male) |
| 6:27 | Queue | Villager (Male) |
| 6:39 | Queue | Fishing Ship |
| 6:39 | Queue | Fishing Ship |
| 6:52 | Queue | Villager (Male) |
| 7:02 | Queue | Villager (Male) |
| 7:16 | Queue | Villager (Male) |
| 7:31 | Build | House |
| 7:55 | Queue | Villager (Male) |
| 8:20 | Queue | Villager (Male) |
| 8:40 | Queue | Villager (Male) |
| 8:52 | Queue | Villager (Male) |
| 9:33 | Queue | Fishing Ship |
| 9:46 | Queue | Villager (Male) |
| 9:54 | Queue | Villager (Male) |
| 10:11 | Queue | Villager (Male) |
| 10:37 | Build | Dock |
| 11:08 | Queue | Villager (Male) |
| 11:11 | Queue | Villager (Male) |
| 11:16 | Build | House |
| 11:18 | Queue | Villager (Male) |
| 11:45 | Build | Mining Camp |
| 12:12 | Research | Feudal Age |
| 12:42 | Queue | Fishing Ship |
| 13:21 | Queue | Villager (Male) |
| 13:43 | Queue | Fishing Ship |
| 13:49 | Build | House |
| 13:51 | Build | House |
| 13:52 | Build | House |
| 13:53 | Build | House |
| 14:18 | Build | Lumber Camp |
| 14:24 | Queue | Villager (Male) |
| 14:31 | Age | Feudal Age |
| 14:35 | Queue | Unit 2626 |
| 14:35 | Queue | Unit 2626 |
| 14:47 | Build | Blacksmith |
| 14:50 | Build | Blacksmith |
| 14:51 | Queue | Villager (Male) |
| 14:56 | Build | House |
| 14:56 | Queue | Villager (Male) |
| 15:01 | Research | Double-Bit Axe |
| 15:46 | Build | Mill |
| 15:47 | Queue | Villager (Male) |
| 16:26 | Build | House |
| 16:28 | Queue | Villager (Male) |
| 16:44 | Queue | Villager (Male) |
| 16:50 | Build | Market |
| 16:54 | Queue | Villager (Male) |
| 17:05 | Research | Tech 906 |
| 17:09 | Research | Tech 906 |
| 17:26 | Build | Mining Camp |
| 17:53 | Research | Castle Age |
| 17:58 | Research | Stone Mining |
| 18:03 | Research | Gold Mining |
| 18:09 | Queue | Fishing Ship ×3 |
| 18:19 | Queue | Unit 2626 |
| 18:24 | Queue | Unit 2626 |
| 18:30 | Research | Tech 906 |
| 18:34 | Queue | Villager (Male) |
| 18:37 | Research | Wheelbarrow |
| 18:46 | Build | Farm |
| 18:49 | Build | Farm |
| 18:51 | Queue | Villager (Male) |
| 18:55 | Build | House |
| 19:19 | Queue | Unit 2626 |
| 19:24 | Research | Fletching |
| 19:24 | Queue | Villager (Male) |
| 19:39 | Queue | Unit 2626 ×2 |
| 19:40 | Queue | Villager (Male) |
| 20:14 | Queue | Villager (Male) |
| 20:28 | Queue | Galley ×4 |
| 20:30 | Queue | Villager (Male) |
| 20:33 | Age | Castle Age |
| 20:42 | Research | War Galley (upgrade) |
| 20:43 | Queue | Villager (Male) |
| 20:56 | Build | Castle |
| 21:00 | Build | Mining Camp |
| 21:00 | Queue | Villager (Male) |
| 21:10 | Queue | Villager (Male) |
| 21:25 | Build | Town Center |
| 21:27 | Queue | Villager (Male) |
| 21:44 | Queue | Villager (Male) |
| 21:49 | Research | Bodkin Arrow |
| 21:55 | Queue | Villager (Male) |
| 21:58 | Queue | Villager (Male) |
| 22:03 | Queue | Villager (Male) |
| 22:29 | Queue | Villager (Male) |
| 22:30 | Queue | Galley ×2 |
| 22:36 | Queue | Villager (Male) |
| 22:39 | Queue | Fishing Ship |
| 22:52 | Build | Lumber Camp |
| 23:00 | Queue | Villager (Male) |
| 23:03 | Build | House |
| 23:05 | Queue | Villager (Male) |
| 23:07 | Research | Town Watch |
| 23:35 | Research | Hand Cart |
| 23:42 | Queue | Villager (Male) |
| 23:55 | Queue | Ghulam |
| 24:06 | Queue | Villager (Male) |
| 24:10 | Build | Farm |
| 24:10 | Build | Farm |
| 24:11 | Build | Farm |
| 24:11 | Build | Farm |
| 24:12 | Queue | Villager (Male) |
| 24:21 | Queue | Galley |
| 24:21 | Queue | Galley |
| 24:23 | Queue | Villager (Male) |
| 24:42 | Queue | Villager (Male) |
| 24:44 | Build | Farm |
| 24:45 | Queue | Villager (Male) |
| 24:49 | Build | Farm |
| 24:49 | Queue | Villager (Male) |
| 25:00 | Queue | Villager (Male) |
| 25:02 | Queue | Villager (Male) |
| 25:07 | Build | Farm |
| 25:08 | Build | Farm |
| 25:08 | Build | Farm |
| 25:08 | Build | Farm |
| 25:08 | Build | Farm |
| 25:21 | Queue | Villager (Male) |
| 25:47 | Build | Castle |
| 25:47 | Queue | Villager (Male) |
| 25:50 | Queue | Villager (Male) |
| 26:03 | Queue | Galley ×2 |
| 26:06 | Queue | Villager (Male) |
| 26:12 | Queue | Villager (Male) |
| 26:19 | Queue | Villager (Male) |
| 26:35 | Queue | Villager (Male) |
| 26:52 | Build | Town Center |
Build order — rNy-
First 150 of 649 actions detected
| 0:05 | Build | Town Center |
| 1:37 | Build | House |
| 2:21 | Queue | Villager (Male) |
| 2:21 | Queue | Villager (Male) |
| 2:22 | Queue | Villager (Male) |
| 2:22 | Queue | Villager (Male) |
| 2:22 | Queue | Villager (Male) |
| 3:17 | Build | Dock |
| 3:24 | Build | House |
| 3:26 | Queue | Villager (Male) |
| 3:27 | Queue | Villager (Male) |
| 4:17 | Queue | Villager (Male) |
| 4:17 | Queue | Villager (Male) |
| 4:46 | Queue | Villager (Male) |
| 4:46 | Queue | Villager (Male) |
| 5:07 | Queue | Villager (Male) |
| 5:07 | Queue | Villager (Male) |
| 5:34 | Queue | Villager (Male) |
| 5:34 | Queue | Villager (Male) |
| 5:53 | Build | House |
| 6:03 | Queue | Villager (Male) |
| 6:03 | Queue | Villager (Male) |
| 6:15 | Build | Palisade Gate |
| 6:27 | Queue | Villager (Male) |
| 6:27 | Queue | Villager (Male) |
| 6:31 | Queue | Villager (Male) |
| 6:38 | Build | Palisade Wall |
| 7:12 | Queue | Villager (Male) |
| 7:12 | Queue | Villager (Male) |
| 7:35 | Queue | Villager (Male) |
| 7:35 | Queue | Villager (Male) |
| 7:47 | Queue | Villager (Male) |
| 7:47 | Queue | Villager (Male) |
| 7:47 | Queue | Villager (Male) |
| 7:48 | Queue | Villager (Male) |
| 8:35 | Build | Mining Camp |
| 8:51 | Build | House |
| 8:59 | Queue | Fishing Ship |
| 8:59 | Queue | Fishing Ship |
| 9:06 | Research | Loom |
| 9:06 | Queue | Villager (Male) |
| 9:28 | Build | House |
| 9:29 | Build | House |
| 9:30 | Queue | Villager (Male) |
| 9:30 | Queue | Villager (Male) |
| 9:31 | Queue | Villager (Male) |
| 9:31 | Queue | Villager (Male) |
| 9:35 | Queue | Villager (Male) |
| 9:36 | Queue | Villager (Male) |
| 9:36 | Queue | Villager (Male) |
| 9:46 | Queue | Villager (Male) |
| 9:46 | Queue | Villager (Male) |
| 9:46 | Queue | Villager (Male) |
| 10:11 | Build | Mill |
| 10:42 | Queue | Villager (Male) |
| 10:42 | Queue | Villager (Male) |
| 11:25 | Build | Lumber Camp |
| 11:34 | Queue | Villager (Male) |
| 11:34 | Queue | Villager (Male) |
| 11:34 | Queue | Villager (Male) |
| 11:41 | Build | Dock |
| 11:49 | Queue | Villager (Male) |
| 11:49 | Queue | Villager (Male) |
| 11:49 | Queue | Villager (Male) |
| 11:49 | Queue | Villager (Male) |
| 11:50 | Queue | Villager (Male) |
| 11:50 | Queue | Villager (Male) |
| 11:50 | Queue | Villager (Male) |
| 11:57 | Research | Feudal Age |
| 12:37 | Build | House |
| 12:57 | Queue | Villager (Male) |
| 12:58 | Queue | Villager (Male) |
| 13:12 | Build | Palisade Wall |
| 13:22 | Queue | Fishing Ship |
| 13:22 | Queue | Fishing Ship |
| 13:30 | Queue | Fishing Ship |
| 13:30 | Queue | Fishing Ship |
| 14:01 | Build | Palisade Wall |
| 14:11 | Age | Feudal Age |
| 14:13 | Build | Mining Camp |
| 14:31 | Research | Double-Bit Axe |
| 14:34 | Queue | Villager (Male) |
| 14:55 | Research | Stone Mining |
| 15:15 | Queue | Fishing Ship ×5 |
| 15:15 | Queue | Fishing Ship ×5 |
| 15:15 | Queue | Fishing Ship ×4 |
| 15:21 | Queue | Villager (Male) |
| 15:41 | Build | House |
| 15:42 | Queue | Villager (Male) |
| 15:55 | Build | Farm |
| 15:56 | Build | Farm |
| 15:56 | Build | Farm |
| 15:56 | Build | Farm |
| 15:56 | Build | Farm |
| 15:57 | Build | Farm |
| 16:00 | Queue | Villager (Male) |
| 16:00 | Queue | Villager (Male) |
| 16:10 | Build | House |
| 16:11 | Queue | Villager (Male) |
| 16:11 | Queue | Villager (Male) |
| 16:43 | Queue | Unit 2626 ×3 |
| 16:43 | Queue | Unit 2626 ×3 |
| 17:12 | Queue | Unit 2626 |
| 17:12 | Queue | Unit 2626 |
| 17:49 | Queue | Villager (Male) |
| 17:50 | Queue | Villager (Male) |
| 17:50 | Queue | Villager (Male) |
| 17:50 | Queue | Villager (Male) |
| 17:50 | Queue | Villager (Male) |
| 17:51 | Queue | Villager (Male) |
| 17:51 | Queue | Villager (Male) |
| 17:57 | Build | Farm |
| 17:57 | Build | Farm |
| 17:57 | Build | Farm |
| 17:58 | Build | Farm |
| 17:58 | Build | Farm |
| 17:58 | Build | Farm |
| 17:58 | Build | Farm |
| 17:59 | Build | Farm |
| 17:59 | Build | Farm |
| 17:59 | Build | Farm |
| 18:20 | Build | House |
| 18:21 | Build | House |
| 18:23 | Build | House |
| 18:23 | Build | House |
| 18:23 | Build | House |
| 18:24 | Build | House |
| 18:24 | Build | House |
| 19:44 | Queue | Villager (Male) |
| 19:45 | Queue | Villager (Male) |
| 20:17 | Build | Farm |
| 20:18 | Build | Farm |
| 20:18 | Build | Farm |
| 20:19 | Build | Farm |
| 20:19 | Build | Farm |
| 20:19 | Build | Farm |
| 20:19 | Build | Farm |
| 20:20 | Build | Farm |
| 20:20 | Build | Farm |
| 20:20 | Build | Farm |
| 20:20 | Build | Farm |
| 21:16 | Build | House |
| 21:17 | Queue | Villager (Male) |
| 21:40 | Build | Market |
| 21:48 | Build | Blacksmith |
| 21:49 | Queue | Villager (Male) |
| 21:50 | Queue | Villager (Male) |
| 21:50 | Queue | Villager (Male) |
| 22:38 | Research | Castle Age |
| 23:29 | Queue | Villager (Male) |
Build order — WaffNub
First 150 of 459 actions detected
| 0:15 | Build | Town Center |
| 0:48 | Build | Dock |
| 0:50 | Build | House |
| 2:33 | Queue | Villager (Male) |
| 2:33 | Queue | Villager (Male) |
| 2:33 | Queue | Villager (Male) |
| 2:33 | Queue | Villager (Male) |
| 2:34 | Queue | Villager (Male) |
| 3:23 | Build | House |
| 4:17 | Queue | Villager (Male) |
| 4:17 | Queue | Villager (Male) |
| 4:56 | Queue | Villager (Male) |
| 5:01 | Build | House |
| 5:19 | Queue | Fishing Ship |
| 5:41 | Queue | Villager (Male) |
| 5:41 | Queue | Villager (Male) |
| 5:42 | Queue | Villager (Male) |
| 6:01 | Queue | Fishing Ship |
| 6:05 | Queue | Villager (Male) |
| 6:32 | Build | House |
| 6:36 | Queue | Villager (Male) |
| 7:09 | Queue | Fishing Ship |
| 7:13 | Queue | Villager (Male) |
| 7:13 | Queue | Villager (Male) |
| 7:14 | Queue | Villager (Male) |
| 7:26 | Queue | Fishing Ship |
| 7:26 | Queue | Fishing Ship |
| 8:01 | Build | Mill |
| 8:02 | Queue | Villager (Male) |
| 8:11 | Build | House |
| 8:28 | Queue | Villager (Male) |
| 8:28 | Queue | Villager (Male) |
| 8:42 | Queue | Fishing Ship |
| 9:06 | Queue | Villager (Male) |
| 9:07 | Queue | Fishing Ship |
| 9:31 | Queue | Fishing Ship |
| 9:32 | Queue | Fishing Ship |
| 9:51 | Research | Loom |
| 9:52 | Queue | Villager (Male) |
| 10:10 | Build | House |
| 10:18 | Build | House |
| 10:23 | Build | House |
| 10:47 | Queue | Fishing Ship |
| 10:56 | Queue | Villager (Male) |
| 11:25 | Research | Feudal Age |
| 11:59 | Queue | Villager (Male) |
| 12:04 | Build | House |
| 12:05 | Build | House |
| 12:48 | Build | Mining Camp |
| 12:56 | Build | Lumber Camp |
| 13:19 | Queue | Villager (Male) |
| 13:19 | Queue | Villager (Male) |
| 13:40 | Queue | Villager (Male) |
| 13:52 | Age | Feudal Age |
| 14:50 | Build | Blacksmith |
| 15:10 | Queue | Villager (Male) |
| 16:01 | Build | Market |
| 16:17 | Queue | Villager (Male) |
| 16:17 | Queue | Villager (Male) |
| 16:51 | Research | Castle Age |
| 16:51 | Research | Castle Age |
| 18:08 | Research | Double-Bit Axe |
| 19:27 | Research | Gold Mining |
| 19:33 | Queue | Villager (Male) |
| 19:33 | Queue | Villager (Male) |
| 19:34 | Queue | Villager (Male) |
| 19:47 | Age | Castle Age |
| 19:51 | Build | Town Center |
| 20:05 | Build | Town Center |
| 20:13 | Queue | Villager (Male) |
| 20:13 | Queue | Villager (Male) |
| 20:14 | Queue | Villager (Male) |
| 20:32 | Research | Town Watch |
| 20:32 | Queue | Villager (Male) |
| 20:32 | Queue | Villager (Male) |
| 20:38 | Build | Outpost |
| 20:46 | Queue | Villager (Male) |
| 20:46 | Queue | Villager (Male) |
| 20:46 | Queue | Villager (Male) |
| 21:25 | Build | Outpost |
| 21:29 | Queue | Villager (Male) |
| 21:29 | Queue | Villager (Male) |
| 21:33 | Queue | Villager (Male) |
| 21:33 | Queue | Villager (Male) |
| 21:34 | Queue | Villager (Male) |
| 21:42 | Build | Siege Workshop |
| 21:53 | Research | Horse Collar |
| 21:54 | Queue | Villager (Male) |
| 21:55 | Queue | Villager (Male) |
| 21:56 | Queue | Villager (Male) |
| 21:58 | Build | Farm |
| 22:39 | Build | Stone Wall |
| 22:51 | Build | Mining Camp |
| 22:52 | Queue | Villager (Male) |
| 23:09 | Build | Stone Wall |
| 23:12 | Queue | Villager (Male) |
| 23:12 | Queue | Villager (Male) |
| 23:17 | Build | Farm |
| 23:18 | Build | Farm |
| 23:18 | Build | Farm |
| 23:18 | Build | Farm |
| 23:18 | Build | Farm |
| 23:19 | Build | Farm |
| 23:20 | Build | Farm |
| 23:34 | Queue | Mangonel |
| 23:36 | Queue | Villager (Male) |
| 23:36 | Queue | Villager (Male) |
| 23:37 | Queue | Villager (Male) |
| 23:58 | Queue | Villager (Male) |
| 23:58 | Queue | Villager (Male) |
| 24:43 | Build | House |
| 24:44 | Build | House |
| 24:46 | Build | House |
| 24:55 | Build | House |
| 24:56 | Build | House |
| 24:56 | Build | House |
| 24:57 | Build | House |
| 24:58 | Build | House |
| 25:06 | Research | Wheelbarrow |
| 25:07 | Queue | Villager (Male) |
| 25:07 | Queue | Villager (Male) |
| 25:20 | Build | Town Center |
| 25:23 | Queue | Villager (Male) |
| 25:23 | Queue | Villager (Male) |
| 25:42 | Queue | Scorpion |
| 25:42 | Queue | Scorpion |
| 25:51 | Queue | Villager (Male) |
| 25:52 | Queue | Villager (Male) |
| 26:07 | Build | Farm |
| 26:08 | Build | Farm |
| 26:10 | Build | Farm |
| 26:12 | Build | Farm |
| 26:18 | Build | Farm |
| 26:19 | Build | Farm |
| 26:20 | Build | Farm |
| 26:22 | Build | Farm |
| 26:27 | Research | Stone Mining |
| 26:27 | Research | Stone Mining |
| 26:28 | Queue | Villager (Male) |
| 26:28 | Queue | Villager (Male) |
| 26:35 | Build | Farm |
| 26:39 | Build | Farm |
| 26:41 | Queue | Villager (Male) |
| 26:42 | Queue | Villager (Male) |
| 26:53 | Queue | Villager (Male) |
| 26:53 | Queue | Villager (Male) |
| 26:53 | Queue | Villager (Male) |
| 26:54 | Queue | Villager (Male) |
| 27:15 | Queue | Villager (Male) |
| 27:15 | Queue | Villager (Male) |
Match timeline
| 0:43 | Zaibach · first_building Dock |
| 0:48 | WaffNub · first_building Dock |
| 1:08 | Maji · first_building Dock |
| 1:19 | Navarr · first_building Dock |
| 1:28 | Zaibach · wall_segment Palisade Wall x1 |
| 1:30 | Zaibach · wall_segment Palisade Wall x1 |
| 2:03 | Eric · first_building Dock |
| 3:17 | rNy- · first_building Dock |
| 6:38 | rNy- · wall_segment Palisade Wall x3 |
| 7:46 | Maji · wall_segment Palisade Wall x8 |
| 13:12 | rNy- · wall_segment Palisade Wall x19 |
| 13:52 | WaffNub · age_up feudal |
| 14:01 | rNy- · wall_segment Palisade Wall x4 |
| 14:08 | Maji · wall_segment Palisade Wall x7 |
| 14:10 | Maji · age_up feudal |
| 14:11 | rNy- · age_up feudal |
| 14:15 | Zaibach · age_up feudal |
| 14:31 | Navarr · age_up feudal |
| 15:06 | Eric · age_up feudal |
| 15:30 | Eric · wall_segment Stone Wall x6 |
| 15:45 | Maji · first_market_buy 100 food |
| 17:47 | Navarr · first_market_sell 100 stone |
| 19:43 | Eric · age_up castle |
| 19:47 | WaffNub · age_up castle |
| 20:24 | WaffNub · first_market_buy 100 stone |
| 20:33 | Navarr · age_up castle |
| 20:37 | Eric · first_building Monastery |
| 20:56 | Navarr · first_building Castle |
| 20:57 | Zaibach · age_up castle |
| 21:00 | Maji · age_up castle |
| 21:42 | WaffNub · first_building Siege Workshop |
| 22:07 | Maji · first_building Castle |
| 22:39 | WaffNub · wall_segment Stone Wall x4 |
| 23:09 | WaffNub · wall_segment Stone Wall x9 |
| 24:00 | Maji · first_building Barracks |
| 25:19 | rNy- · age_up castle |
| 26:13 | Eric · first_building Castle |
| 26:20 | rNy- · first_building Castle |
| 26:41 | Navarr · first_market_buy 100 wood |
| 27:22 | Maji · first_building Stable |
| 28:21 | WaffNub · first_building Castle |
| 28:51 | rNy- · first_building Siege Workshop |
| 30:41 | Maji · first_market_sell 100 wood |
| 31:16 | Maji · first_building Siege Workshop |
| 32:09 | Navarr · first_building Monastery |
| 32:49 | Navarr · first_building Barracks |
| 32:52 | Navarr · age_up imperial |
| 32:59 | Zaibach · first_building Castle |
| 33:10 | Zaibach · first_building Barracks |
| 33:15 | Eric · first_market_buy 100 wood |
| 34:08 | Zaibach · first_building Siege Workshop |
| 34:28 | Eric · first_building Barracks |
| 34:50 | Navarr · first_building Stable |
| 35:46 | Eric · first_building Archery Range |
| 35:57 | Maji · age_up imperial |
| 36:33 | rNy- · first_market_buy 100 stone |
| 37:06 | Zaibach · first_market_buy 100 wood |
| 39:05 | Eric · age_up imperial |
| 39:38 | Eric · first_market_sell 100 stone |
| 39:58 | WaffNub · first_building Barracks |
| 40:19 | WaffNub · age_up imperial |
| 41:05 | Navarr · wall_segment Stone Wall x1 |
| 41:35 | Navarr · first_building Archery Range |
| 41:58 | Zaibach · first_market_sell 100 wood |
| 42:50 | Eric · tribute_sent a jugador 1 |
| 42:50 | Eric · tribute_sent a jugador 2 |
| 42:50 | Eric · tribute_sent a jugador 4 |
| 42:50 | Eric · tribute_sent a jugador 5 |
| 42:50 | Eric · tribute_sent a jugador 6 |
| 43:32 | Zaibach · age_up imperial |
| 44:00 | Maji · first_building Archery Range |
| 47:19 | rNy- · first_building Barracks |
| 48:43 | rNy- · age_up imperial |
| 48:46 | Eric · tribute_sent a jugador 1 |
| 48:46 | Eric · tribute_sent a jugador 2 |
| 48:46 | Eric · tribute_sent a jugador 4 |
| 48:46 | Eric · tribute_sent a jugador 5 |
| 48:46 | Eric · tribute_sent a jugador 6 |
| 52:33 | Navarr · first_building Siege Workshop |
| 55:51 | Eric · first_building Stable |
| 61:49 | Zaibach · resign |
[ AI ANALYSIS · 1 CREDIT ]
What really happened in this match?
Wolo.gg analyzes every decision: build order, eco, micro, common mistakes by bracket. Personalized analysis on WhatsApp or Discord in 30 seconds.
Civ guide
Celts
Perfil
Jugador #5082471